General information
- name: BNet
- type: Ladder team game (AT/RT)
- host: Battle.net
- saver: ur_a_nerd
map: Goldshire
- players: 4
- length: 18:47
- speed: Fast
- version: 1.24 W3XP
- replay type: Public
» download(83 KB)
Players
team 1 (loser)

»
KINGERIC777 (
orange | 46 APM | 862 actions | 18:36)
3 Archmage
2 Summon Water Elemental
1 Brilliance Aura
» actions
| Assign group hotkey | 17 | |
| Build / train | 56 | |
| ESC pressed | 2 | |
| Enter build submenu | 25 | |
| Enter hero's abilities submenu | 3 | |
| Right click | 491 | |
| Select / deselect | 196 | |
| Select group hotkey | 25 | |
| Use ability | 47 | |
862 total
» units
| Peasant | 11 | |
| Rifleman | 12 | |
| Sorceress | 3 | |
| Priest | 3 | |
| Mortar Team | 6 | |
35 total
» upgrades
| Sorceress Training | 2 | |
| Lumber Harvesting | 1 | |
| Gunpowder | 1 | |
| Long Rifles | 1 | |
| Priest Training | 1 | |
6 total
» buildings
| Altar of Kings | 1 | |
| Farm | 10 | |
| Lumber Mill | 1 | |
| Barracks | 1 | |
| Blacksmith | 1 | |
| Scout Tower | 8 | |
| Guard Tower | 6 | |
| Arcane Tower | 2 | |
| Keep | 1 | |
| Arcane Sanctum | 1 | |
| Castle | 1 | |
| Workshop | 1 | |
34 total
» build order
00:08 Altar of Kings
00:16 Farm
01:00 Lumber Mill
01:06 Farm
01:18 Barracks
01:43 Farm
02:26 Blacksmith
02:30 Farm
03:05 Scout Tower
03:09 Scout Tower
03:18 Farm
03:31 Scout Tower
03:33 Guard Tower
03:59 Guard Tower
04:17 Guard Tower
04:26 Scout Tower
04:30 Farm
05:19 Scout Tower
05:23 Arcane Tower
05:32 Keep
06:11 Guard Tower
06:31 Scout Tower
06:54 Farm
07:06 Guard Tower
07:09 Farm
07:34 Farm
07:38 Scout Tower
07:56 Arcane Sanctum
08:14 Castle
09:03 Guard Tower
09:06 Farm
09:09 Scout Tower
09:57 Arcane Tower
13:13 Workshop

»
MasterGrim (
blue | 23 APM | 427 actions | 18:46)
1 Archmage
1 Summon Water Elemental
» actions
| Assign group hotkey | 13 | |
| Basic commands | 4 | |
| Build / train | 44 | |
| Enter build submenu | 31 | |
| Enter hero's abilities submenu | 1 | |
| Right click | 112 | |
| Select / deselect | 168 | |
| Select group hotkey | 13 | |
| Use ability | 41 | |
427 total
» units
| Peasant | 13 | |
| Footman | 11 | |
| Gryphon Rider | 4 | |
28 total
» upgrades
| Defend | 1 | |
| Lumber Harvesting | 2 | |
| Storm Hammers | 1 | |
| Swords | 1 | |
| Armor | 1 | |
6 total
» buildings
| Barracks | 2 | |
| Farm | 13 | |
| Altar of Kings | 1 | |
| Lumber Mill | 1 | |
| Keep | 1 | |
| Scout Tower | 10 | |
| Guard Tower | 5 | |
| Castle | 1 | |
| Gryphon Aviary | 3 | |
| Blacksmith | 1 | |
38 total
» build order
00:34 Barracks
00:59 Farm
01:37 Altar of Kings
02:10 Farm
03:05 Farm
03:43 Farm
06:32 Barracks
06:49 Farm
07:02 Farm
07:32 Lumber Mill
07:42 Keep
07:55 Farm
08:00 Farm
08:09 Farm
08:40 Scout Tower
08:47 Scout Tower
08:53 Scout Tower
09:17 Scout Tower
09:23 Scout Tower
09:36 Guard Tower
09:56 Guard Tower
10:01 Scout Tower
10:05 Scout Tower
10:13 Farm
10:35 Guard Tower
10:48 Scout Tower
10:54 Scout Tower
11:26 Guard Tower
11:30 Castle
11:38 Farm
11:44 Gryphon Aviary
11:52 Gryphon Aviary
12:44 Scout Tower
13:15 Guard Tower
13:27 Farm
13:55 Gryphon Aviary
14:32 Farm
16:14 Blacksmith
team 2 (winner)

»
ur_a_nerd (
pink | 89 APM | 1673 actions | 18:47)
5 Mountain King
3 Storm Bolt
2 Bash
» actions
| Assign group hotkey | 63 | |
| Basic commands | 21 | |
| Build / train | 81 | |
| ESC pressed | 3 | |
| Enter build submenu | 34 | |
| Enter hero's abilities submenu | 5 | |
| Give item / drop item | 2 | |
| Right click | 926 | |
| Select / deselect | 140 | |
| Select group hotkey | 290 | |
| Use ability | 108 | |
1673 total
» units
| Peasant | 19 | |
| Goblin Shredder | 3 | |
| Gryphon Rider | 6 | |
28 total
» upgrades
| Masonry | 3 | |
| Storm Hammers | 1 | |
| Armor | 2 | |
| Swords | 1 | |
7 total
» buildings
| Farm | 10 | |
| Altar of Kings | 1 | |
| Scout Tower | 23 | |
| Lumber Mill | 1 | |
| Arcane Tower | 3 | |
| Keep | 1 | |
| Guard Tower | 13 | |
| Town Hall | 1 | |
| Castle | 2 | |
| Gryphon Aviary | 3 | |
| Blacksmith | 1 | |
59 total
» build order
00:08 Farm
00:12 Altar of Kings
00:44 Farm
00:48 Farm
00:57 Scout Tower
01:24 Lumber Mill
01:28 Arcane Tower
01:28 Arcane Tower
02:43 Farm
03:58 Keep
05:22 Scout Tower
05:22 Scout Tower
06:03 Guard Tower
06:15 Scout Tower
06:16 Scout Tower
06:17 Scout Tower
06:17 Scout Tower
06:18 Scout Tower
06:19 Scout Tower
06:20 Scout Tower
06:21 Scout Tower
06:48 Guard Tower
06:51 Town Hall
06:55 Arcane Tower
07:58 Guard Tower
08:00 Scout Tower
08:00 Scout Tower
08:03 Castle
08:04 Castle
08:05 Scout Tower
08:06 Scout Tower
08:07 Scout Tower
08:08 Scout Tower
08:08 Scout Tower
08:09 Scout Tower
08:29 Guard Tower
09:08 Guard Tower
09:10 Farm
09:11 Farm
09:12 Farm
09:12 Farm
09:14 Guard Tower
09:53 Guard Tower
09:55 Gryphon Aviary
09:55 Gryphon Aviary
10:00 Gryphon Aviary
10:34 Farm
10:35 Farm
12:42 Blacksmith
13:12 Scout Tower
13:13 Scout Tower
13:16 Scout Tower
13:17 Scout Tower
13:50 Guard Tower
13:53 Guard Tower
13:53 Guard Tower
15:46 Guard Tower
» items
| Boots of Speed | 1 | |
| Circlet of Nobility | 1 | |
| Staff of Teleportation | 1 | |
| Lesser Clarity Potion | 6 | |
| Healing Salve | 4 | |
| Orb of Lightning | 4 | |
| Potion of Mana | 1 | |
18 total

»
XENOS_SCUM (
green | 76 APM | 1423 actions | 18:46)
4 Blademaster
2 Wind Walk
2 Critical Strike
2 Shadow Hunter
1 Healing Wave
1 Hex
» actions
| Assign group hotkey | 18 | |
| Basic commands | 18 | |
| Build / train | 61 | |
| Enter build submenu | 25 | |
| Enter hero's abilities submenu | 7 | |
| Give item / drop item | 5 | |
| Remove unit from queue | 1 | |
| Right click | 859 | |
| Select / deselect | 135 | |
| Select group hotkey | 203 | |
| Use ability | 91 | |
1423 total
» units
» upgrades
| Ranged Weapons | 3 | |
| Reinforced Defenses | 1 | |
| Envenomed Spears | 1 | |
| Liquid Fire | 1 | |
| Armor | 2 | |
8 total
» buildings
| Altar of Storms | 1 | |
| Orc Burrow | 7 | |
| War Mill | 1 | |
| Voodoo Lounge | 3 | |
| Watch Tower | 8 | |
| Stronghold | 1 | |
| Beastiary | 2 | |
| Fortress | 2 | |
25 total
» build order
00:06 Altar of Storms
00:11 Orc Burrow
00:47 War Mill
01:22 Voodoo Lounge
01:25 Voodoo Lounge
02:06 Watch Tower
02:12 Watch Tower
02:45 Watch Tower
03:16 Orc Burrow
03:54 Stronghold
04:39 Watch Tower
04:41 Watch Tower
05:34 Orc Burrow
05:38 Orc Burrow
06:29 Beastiary
06:32 Beastiary
06:38 Watch Tower
07:04 Watch Tower
07:04 Watch Tower
07:54 Fortress
08:22 Fortress
10:38 Orc Burrow
10:38 Orc Burrow
10:40 Orc Burrow
18:18 Voodoo Lounge
» items
| Healing Salve | 3 | |
| Scroll of Speed | 3 | |
| Potion of Mana | 3 | |
| Boots of Speed | 2 | |
| Staff of Teleportation | 1 | |
| Lesser Clarity Potion | 4 | |
| Scroll of Healing | 1 | |
| Scroll of Protection | 1 | |
| Orb of Lightning | 1 | |
| Potion of Healing | 1 | |
20 total
Chat log
(00:18 / Allies) ur_a_nerd: th off
(01:41 / Allies) ur_a_nerd: lol
(01:55 / Allies) XENOS_SCUM: my7 shop is .late
(02:05 / Allies) ur_a_nerd: fumbly fingers
(02:15 / Allies) XENOS_SCUM: l0l
(03:01 / Allies) ur_a_nerd: click am
(03:07 / Allies) ur_a_nerd: time to attack their morale
(04:07 / All) ur_a_nerd: dumb noobs
(04:10 / All) ur_a_nerd: fuck off back to custom games
(04:45 / Allies) ur_a_nerd: im sure you can handle things from here
(04:48 / Allies) ur_a_nerd: im goign for bottom bootstaff
(04:57 / Allies) ur_a_nerd: write down that chickens name
(05:25 / Allies) ur_a_nerd: dotn forget to tower ur base
(05:52 / Allies) XENOS_SCUM: im still chasing this tinng
(06:21 / Allies) XENOS_SCUM: that took a while
(06:34 / Allies) ur_a_nerd: go get top boots
(06:40 / Allies) ur_a_nerd: i salve du
(07:06 / Allies) ur_a_nerd: p[ick off the wis with me
(07:07 / Allies) ur_a_nerd: wiz
(07:22 / Allies) XENOS_SCUM: first i tie on my botas
(07:24 / Allies) ur_a_nerd: betryaer
(07:35 / Allies) XENOS_SCUM: jeast elave it
(08:08 / Allies) XENOS_SCUM: ur main has like 2 towesr
(08:12 / Allies) ur_a_nerd: lotr
(08:17 / Allies) XENOS_SCUM: stfu
(08:18 / Allies) ur_a_nerd: click am
(08:38 / Allies) ur_a_nerd: damn im so close to 3
(08:49 / Allies) ur_a_nerd: nice
(09:45 / All) ur_a_nerd: dirty noobs
(10:29 / Allies) XENOS_SCUM: need mana
(12:37 / All) ur_a_nerd: over and over
(13:01 / Allies) ur_a_nerd: send sh there
(13:19 / Allies) XENOS_SCUM: when shoudl i break 50
(13:23 / Allies) ur_a_nerd: never
(14:08 / Allies) ur_a_nerd: send heros
(15:27 / All) ur_a_nerd: rofl
(16:06 / Allies) ur_a_nerd: he will do it again
(16:06 / Allies) ur_a_nerd: rofl
(17:09 / Allies) XENOS_SCUM: if they see that theylkl quit
(17:39 / All) ur_a_nerd: say something